 Dungeon Crawl Stone Soup version 0.29.0-4-gdea44cf6ec (webtiles) character file.

Game seed: 15229534937384599233

231 qw the Chopper (level 6, -2/47 HPs)
             Began as a Formicid Cinder Acolyte on Sept 4, 2022.
             Was a High Priest of Ignis.
             Slain by Edmund
             ... wielding a +0 flail of protection
              (5 damage)
             ... on level 4 of the Dungeon.
             The game lasted 00:01:15 (3751 turns).

qw the Chopper (Formicid Cinder Acolyte)            Turns: 3751, Time: 00:01:16

Health: -2/47      AC: 19    Str: 20    XL:     6   Next: 24%
Magic:  0/7        EV:  7    Int: 14    God:    Ignis [*****.]
Gold:   148        SH:  0    Dex:  9    Spells: 7/7 levels left

rFire   + . .      SeeInvis +   Y - -1 hand axe (flame)
rCold   . . .      Faith    .   (no shield)
rNeg    . . .      Spirit   +   f - +0 chain mail
rPois   .          Reflect  .   (helmet unavailable)
rElec   .          Harm     .   c - +2 cloak
rCorr   .          Rampage  .   (no gloves)
Will    .....                   d - +0 pair of boots
Stlth   ..........              i - amulet of guardian spirit
HPRegen 0.15/turn               (no ring)
MPRegen 0.10/turn               (no ring)

@: fiery-armoured
A: permanent stasis, dig shafts and tunnels, antennae 3, four strong arms
a: Dig, Shaft Self, Renounce Religion, Fiery Armour, Foxfire Swarm, Rising Flame


You were on level 4 of the Dungeon.
You worshipped Ignis.
Ignis was extremely pleased with you.
You visited 1 branch of the dungeon, and saw 4 of its levels.

You collected 148 gold pieces.


Innate Abilities, Weirdness & Mutations

You cannot be hasted, slowed, berserked, paralysed or teleported.
You can dig through walls and to a lower floor.
You have a pair of large antennae on your head. (SInv)
Your four strong arms can wield two-handed weapons with a shield.


   Skills:
 - Level 3.2 Fighting
 + Level 5.9 Axes
 - Level 2.1 Armour
 - Level 0.9 Dodging
 - Level 1.1 Spellcasting
 - Level 3.0 Fire Magic


You had 7 spell levels left.
You didn't know any spells.
Your spell library contained the following spells:

 Spells                   Type           Power      Damage    Failure   Level
 Scorch                   Fire           18%        2d5       77%         2

Inventory:

Hand Weapons
 Y - a -1 hand axe of flaming (weapon)
Armour
 c - a +2 cloak (worn)
 d - a +0 pair of boots (worn)
 f - a +0 chain mail (worn)
Jewellery
 i - an amulet of guardian spirit (around neck)
Scrolls
 k - 2 scrolls of identify
Potions
 a - a potion of resistance {unknown}
 b - a potion of invisibility {unknown}
 e - a potion of degeneration {unknown}
 g - a potion of heal wounds
 h - a potion of cancellation {unknown}
 j - a potion of curing {unknown}
 m - a potion of might {unknown}

Dungeon Overview and Level Annotations

Branches:
Dungeon (4/15)
 Temple: D:4-7

Altars:
Yredelemnul

Annotations:
D:4 Edmund


Message History

You hit the adder. You burn the adder.
You kill the adder!
You hit Edmund but do no damage.
Edmund hits you with a +0 flail of protection!
You hit Edmund but do no damage. Edmund barely misses you.
A ball python comes into view.
Edmund barely misses you.
You barely miss Edmund.
The ball python hisses angrily.
You hit the kobold. You burn the kobold.
You kill the kobold!
Edmund hits you with a +0 flail of protection.
You hit Edmund but do no damage. You hit the endoplasm. You burn the endoplasm.
Edmund hits you with a +0 flail of protection.
The endoplasm hits you but does no damage.
A hobgoblin comes into view.
Edmund hits you with a +0 flail of protection.
The hobgoblin shouts!
You hit the endoplasm but do no damage.
The endoplasm is heavily wounded.
You hit Edmund but do no damage.
Edmund hits you with a +0 flail of protection!
The endoplasm hits you but does no damage.
3749 ||| INVOKING Fiery Armour.
A protective cloak of flame settles atop you.
Edmund barely misses you. x2
The endoplasm freezes you.
You are frozen.
You hit the endoplasm. You burn the endoplasm.
You kill the endoplasm!
You hit Edmund but do no damage. Edmund barely misses you.
You hit Edmund but do no damage. You closely miss the ball python.
Edmund hits you with a +0 flail of protection!
The ball python barely misses you. The ball python grabs you.
The ball python is burned by your cloak of flames.
You kill the ball python!
Edmund hits you with a +0 flail of protection.
You die...

.. . .... ..........
......(........
#..............
...........g...
#.#.....#........
###^####.. ....#......
.... ..... #...).#
....##...# #..@@##
...<.##..# ###.....###
.....##..# #...........
......##.###............
.......#..##....).#.....
.........##......##.....
........................
........................
.###..............##.


You could see Edmund (berserk) and a hobgoblin.

Vanquished Creatures
  Natasha (thrice) (D:3)
  4 gnolls (D:2)
  4 adders
  2 worms
  3 dart slugs (D:1)
  5 endoplasms
  3 giant cockroaches
  5 hobgoblins
  5 jackals
  3 kobolds
  3 quokkas
  7 ball pythons
  4 bats
  4 frilled lizards (D:3)
  11 goblins
  4 rats
70 creatures vanquished.

Vanquished Creatures (others)
  5 plants (D:1)
5 creatures vanquished.

Grand Total: 75 creatures vanquished

Notes
Turn   | Place    | Note
-------+----------+-------------------------------------------
     0 | D:1      | qw the Formicid Cinder Acolyte began the quest for the Orb.
     0 | D:1      | Reached XP level 1. HP: 18/18 MP: 2/2
     0 | D:1      | 0 ||| qw: Version: 0.1-a-103-gd6f5d3a
     0 | D:1      | 0 ||| qw: Game counter: 5596
     0 | D:1      | 0 ||| qw: Always use a shield: true
     0 | D:1      | 0 ||| qw: God list: Okawaru
     0 | D:1      | 0 ||| qw: Allow faded altars: false
     0 | D:1      | 0 ||| qw: Do Orc after D:15 true
     0 | D:1      | 0 ||| qw: Do second Lair branch before Depths: true
     0 | D:1      | 0 ||| qw: Lair rune preference: random
     0 | D:1      | 0 ||| qw: Plans: Normal
     0 | D:1      | 0 ||| PLANNING D:1-11
   132 | D:1      | 132 ||| Stepping ~*~*~tactically~*~*~ (stealth).
   137 | D:1      | Reached XP level 2. HP: 21/24 MP: 3/3
   152 | D:1      | 152 ||| Stepping ~*~*~tactically~*~*~ (stealth).
   169 | D:1      | 169 ||| Stepping ~*~*~tactically~*~*~ (stealth).
   170 | D:1      | 170 ||| Stepping ~*~*~tactically~*~*~ (stealth).
   172 | D:1      | 172 ||| Stepping ~*~*~tactically~*~*~ (stealth).
   263 | D:1      | 263 ||| Stepping ~*~*~tactically~*~*~ (stealth).
   265 | D:1      | 265 ||| Stepping ~*~*~tactically~*~*~ (hiding).
   620 | D:1      | Reached skill level 4 in Axes
   620 | D:1      | Reached XP level 3. HP: 26/29 MP: 4/4
  1242 | D:1      | 1242 ||| UPGRADING to +2 cloak.
  1247 | D:1      | 1247 ||| UPGRADING to +0 pair of boots.
  1252 | D:1      | 1252 ||| UPGRADING to +0 chain mail.
  1262 | D:1      | 1262 ||| DROPPING +0 robe.
  1263 | D:1      | 1263 ||| UPGRADING to amulet of guardian spirit.
  1268 | D:1      | 1268 ||| READING scroll labelled QATAP FIPIEDUK.
  1269 | D:1      | 1269 ||| READING scroll labelled YPHIT LILEDA.
  1399 | D:2      | 1399 ||| Stepping ~*~*~tactically~*~*~ (stealth).
  1400 | D:2      | 1400 ||| Stepping ~*~*~tactically~*~*~ (stealth).
  1462 | D:2      | 1462 ||| Stepping ~*~*~tactically~*~*~ (stealth).
  1463 | D:2      | 1463 ||| Stepping ~*~*~tactically~*~*~ (stealth).
  1491 | D:2      | Reached skill level 1 in Armour
  1534 | D:2      | Found a faded altar of an unknown god.
  1573 | D:2      | 1573 ||| Stepping ~*~*~tactically~*~*~ (stealth).
  1574 | D:2      | 1574 ||| INVOKING Fiery Armour.
  1581 | D:2      | Reached XP level 4. HP: 18/35 MP: 3/5
  2082 | D:2      | Reached XP level 5. HP: 32/41 MP: 4/6
  2204 | D:2      | 2204 ||| Stepping ~*~*~tactically~*~*~ (stealth).
  2205 | D:2      | 2205 ||| Stepping ~*~*~tactically~*~*~ (stealth).
  2225 | D:2      | 2225 ||| Stepping ~*~*~tactically~*~*~ (stealth).
  2455 | D:2      | 2455 ||| READING scroll labelled IZECEZARUM.
  2456 | D:2      | 2456 ||| READING scroll labelled WON HUREITILOR.
  2493 | D:3      | Noticed Natasha
  2495 | D:3      | 2495 ||| FLEEEEING.
  2496 | D:3      | 2496 ||| FLEEEEING.
  2497 | D:3      | 2497 ||| STAIRDANCE
  2611 | D:3      | 2611 ||| INVOKING Fiery Armour.
  2618 | D:3      | HP: 7/41 [Natasha (5)]
  2618 | D:3      | Killed Natasha
  2619 | D:3      | Reached skill level 5 in Axes
  2946 | D:3      | Noticed Natasha
  2964 | D:3      | Killed Natasha
  3088 | D:3      | Found a basalt altar of Yredelemnul.
  3138 | D:3      | Noticed Natasha
  3203 | D:3      | 3203 ||| Stepping ~*~*~tactically~*~*~ (stealth).
  3501 | D:3      | 3501 ||| READING scroll labelled UDIJIRE DOREU.
  3632 | D:3      | 3632 ||| READING scroll labelled BYCISU XAOL.
  3633 | D:3      | 3633 ||| READING scroll labelled QEXTIH RETHI.
  3634 | D:3      | 3634 ||| DRINKING 2 bubbling grey potions.
  3645 | D:3      | Killed Natasha
  3646 | D:3      | Reached XP level 6. HP: 46/47 MP: 5/7
  3735 | D:4      | Noticed Edmund
  3749 | D:4      | 3749 ||| INVOKING Fiery Armour.
  3751 | D:4      | HP: 3/47 [Edmund/+0 flail of protection (12)]
  3751 | D:4      | Slain by Edmund

Levels and vault maps discovered:
D:1:      minmay_arrival_plants_in_alcoves, layout_loops_corners, eino_curves_01
D:2:      layout_basic, dreamdust_ecumenical_altar_grove
D:3:      layout_loops_ring, mainiacjoe_overflow_cross_hatched, uniq_natasha
D:4:      layout_cave_pools, lemuel_tele_altar, tso_metal_star,
          corexii_checkpoint_a, uniq_edmund

Skill      XL: |  1  2  3  4  5 |
---------------+----------------+-----
Axes           | 4 5 |  5.9
Armour         | 1 2 |  2.1
Fighting       | |  3.2
Dodging        | |  0.9
Spellcasting   | |  1.1
Fire Magic     | |  3.0

Action                   |  1- 3 |  4- 6 || total
-------------------------+-------+-------++-------
Melee: Hand axe          |    98 |   126 ||   224
       Unarmed           |       |    22 ||    22
Invok: Fiery Armour      |     1 |     2 ||     3
  Use: Scroll            |     2 |     5 ||     7
       Potion            |       |     1 ||     1
 Stab: Sleeping          |     1 |       ||     1
Armor: Robe              |     3 |       ||     3
       Chain mail        |    24 |    82 ||   106
       Skin              |       |     9 ||     9
Dodge: Dodged            |    43 |    66 ||   109

Table legend:
 A = Non-vault XP
 B = Vault XP
 C = Vault XP percentage of total XP
 D = Non-vault monster count
 E = Vault monster count
 F = Vault count percentage of total count
                 A         B        C        D         E       F
            +---------+---------+-------+---------+---------+-------
      Total |     296 |      35 |  10.6 |      69 |       1 |   1.4
            +---------+---------+-------+---------+---------+-------
        D:1 |      43 |       0 |   0.0 |      21 |       0 |   0.0
        D:2 |     119 |       0 |   0.0 |      24 |       0 |   0.0
        D:3 |     102 |      35 |  25.5 |      18 |       1 |   5.3
        D:4 |      32 |       0 |   0.0 |       6 |       0 |   0.0
            +---------+---------+-------+---------+---------+-------
